MLB
PHILADELPHIA PHILLIES @ ATLANTA HAMMERS
09/13/2026
 
TOP OF THE 1ST
Philadelphia Phillies batting - Pitching for Atlanta Hammers : RHP Dave Green
Pitching: RHP Dave Green
Batting: RHB Michael Garnier 0-0: Ball
1-0: DOUBLE (Line Drive, 9LD, EV 92 MPH)
Batting: LHB Ernesto Almirón 0-0: Ball
1-0: Called Strike
1-1: Fly out, F8 (Line Drive, 8RM, EV 80 MPH)
Batting: RHB Maikel Franco 0-0: Ball
1-0: Foul Ball, location: 9LSF
1-1: Ball
2-1: Swinging Strike
2-2: Foul Ball, location: 3F
2-2: DOUBLE (Flyball, 78XD, EV 104 MPH)
Michael Garnier scores
Batting: LHB Ivan Hakanson 0-0: Ball
1-0: Ball
2-0: Foul Ball, location: 2F
2-1: Ball
3-1: SINGLE (Flyball, 89S, EV 75 MPH)
Maikel Franco to third
Batting: RHB Ryan McBroom 0-0: Fly out, F8 (Flyball, 78M, EV 89 MPH)
Runner from 3rd tags up, SCORES, throw by CF
Batting: RHB Brandon Diaz 0-0: Fly out, F8 (Flyball, 78M, EV 85 MPH)
Top of the 1st over - 2 runs, 3 hits, 0 errors, 1 left on base; Philadelphia 2 - Atlanta 0
BOTTOM OF THE 1ST
Atlanta Hammers batting - Pitching for Philadelphia Phillies : LHP Tim Cooney
Pitching: LHP Tim Cooney
Batting: RHB Clarence Shelton 0-0: Foul Ball, location: 9LDF
0-1: Foul Ball, location: 2F
0-2: Foul Ball, location: 2F
0-2: Foul Ball, location: 23FF
0-2: Fly out, F9 (Flyball, 9, EV 81 MPH)
Batting: LHB Luis Herta 0-0: Swinging Strike
0-1: Ground out 5-3 (Groundball, 25, EV 54 MPH)
Batting: RHB Jim Bowers 0-0: Ball
1-0: Called Strike
1-1: Swinging Strike
1-2: Ball
2-2: Ball
3-2: Base on Balls
Batting: LHB Artie Bailey 0-0: Ball
1-0: Called Strike
1-1: Foul Ball, location: 25F
1-2: Strikes out swinging
Bottom of the 1st over - 0 runs, 0 hits, 0 errors, 1 left on base; Philadelphia 2 - Atlanta 0
TOP OF THE 2ND
Philadelphia Phillies batting - Pitching for Atlanta Hammers : RHP Dave Green
Batting: LHB J.P. Crawford 0-0: Called Strike
0-1: Ball
1-1: Ball
2-1: Fly out, F8 (Flyball, 8RD, EV 101 MPH)
Batting: RHB Wes Bowers 0-0: Ball
1-0: Ball
2-0: Ball
3-0: Called Strike
3-1: Base on Balls
Batting: SHB Jose Colina 0-0: Called Strike
0-1: Foul Ball, location: 2F
0-2: Ball
1-2: Ball
2-2: Reached on error, E6 (Groundball, 4MS, EV 105 MPH)
Wes Bowers to second
Batting: RHB Michael Garnier 0-0: Fielders Choice at 2nd, 2-4 (Groundball, 15S, EV 71 MPH)
Wes Bowers to third
Batting: LHB Ernesto Almirón 0-0: Swinging Strike
0-1: Ball
1-1: Foul Ball, location: 3FF
1-2: Strikes out swinging
Top of the 2nd over - 0 runs, 0 hits, 1 error, 2 left on base; Philadelphia 2 - Atlanta 0
BOTTOM OF THE 2ND
Atlanta Hammers batting - Pitching for Philadelphia Phillies : LHP Tim Cooney
Batting: RHB Rocky Edwards 0-0: Called Strike
0-1: Ball
1-1: Called Strike
1-2: Strikes out swinging
Batting: RHB Trea Turner 0-0: Ball
1-0: Ball
2-0: Foul Ball, location: 25FF
2-1: Ball
3-1: Fly out, F6 (Popup, 6MS, EV 79 MPH)
Batting: LHB Mal Bickerton 0-0: Called Strike
0-1: Ball
1-1: Swinging Strike
1-2: Ball
2-2: Ball
3-2: Fly out, F4 (Line Drive, 4, EV 91 MPH)
Bottom of the 2nd over - 0 runs, 0 hits, 0 errors, 0 left on base; Philadelphia 2 - Atlanta 0
TOP OF THE 3RD
Philadelphia Phillies batting - Pitching for Atlanta Hammers : RHP Dave Green
Batting: RHB Maikel Franco 0-0: Called Strike
0-1: Swinging Strike
0-2: Ball
1-2: Strikes out looking
Batting: LHB Ivan Hakanson 0-0: Ground out 4-3 (Groundball, 4S, EV 79 MPH)
Batting: RHB Ryan McBroom 0-0: Ball
1-0: Called Strike
1-1: Foul Ball, location: 9LDF
1-2: Foul Ball, location: 2F
1-2: Strikes out swinging
Top of the 3rd over - 0 runs, 0 hits, 0 errors, 0 left on base; Philadelphia 2 - Atlanta 0
BOTTOM OF THE 3RD
Atlanta Hammers batting - Pitching for Philadelphia Phillies : LHP Tim Cooney
Batting: LHB Tyrone Hanna 0-0: Called Strike
0-1: Fly out, F9 (Flyball, 9D, EV 88 MPH)
Batting: RHB Wes Ramey 0-0: Ground out 5-3 (Groundball, 5S, EV 102 MPH)
Batting: RHB Clarence Shelton 0-0: Called Strike
0-1: Ball
1-1: Fly out, F7 (Flyball, 78D, EV 83 MPH)
Bottom of the 3rd over - 0 runs, 0 hits, 0 errors, 0 left on base; Philadelphia 2 - Atlanta 0
TOP OF THE 4TH
Philadelphia Phillies batting - Pitching for Atlanta Hammers : RHP Dave Green
Batting: RHB Brandon Diaz 0-0: Called Strike
0-1: Foul Ball, location: 2F
0-2: Ball
1-2: Fly out, F7 (Line Drive, 7, EV 91 MPH)
Batting: LHB J.P. Crawford 0-0: Called Strike
0-1: Fly out, F7 (Line Drive, 7, EV 81 MPH)
Batting: RHB Wes Bowers 0-0: Foul Ball, location: 2F
0-1: Ball
1-1: Called Strike
1-2: Foul Ball, location: 2LF
1-2: Ball
2-2: Ball
3-2: Strikes out swinging
Top of the 4th over - 0 runs, 0 hits, 0 errors, 0 left on base; Philadelphia 2 - Atlanta 0
BOTTOM OF THE 4TH
Atlanta Hammers batting - Pitching for Philadelphia Phillies : LHP Tim Cooney
Batting: LHB Luis Herta 0-0: Ground out 5-3 (Groundball, 56S, EV 98 MPH)
Batting: RHB Jim Bowers 0-0: Ball
1-0: Ball
2-0: Hit by Pitch
Batting: LHB Artie Bailey 0-0: Grounds into double play, 3-6-3 (Groundball, 34S, EV 91 MPH)
Bottom of the 4th over - 0 runs, 0 hits, 0 errors, 0 left on base; Philadelphia 2 - Atlanta 0
TOP OF THE 5TH
Philadelphia Phillies batting - Pitching for Atlanta Hammers : RHP Dave Green
Batting: SHB Jose Colina 0-0: Called Strike
0-1: Foul Ball, location: 9LSF
0-2: Strikes out swinging
Batting: RHB Michael Garnier 0-0: Ground out 4-3 (Groundball, 4MD, EV 87 MPH)
Batting: LHB Ernesto Almirón 0-0: Called Strike
0-1: Swinging Strike
0-2: Strikes out swinging
Top of the 5th over - 0 runs, 0 hits, 0 errors, 0 left on base; Philadelphia 2 - Atlanta 0
BOTTOM OF THE 5TH
Atlanta Hammers batting - Pitching for Philadelphia Phillies : LHP Tim Cooney
Batting: RHB Rocky Edwards 0-0: Foul Ball, location: 2F
0-1: Ball
1-1: Ball
2-1: Foul Ball, location: 5F
2-2: Ball
3-2: Ground out 4-3 (Groundball, 6MS, EV 68 MPH)
Batting: RHB Trea Turner 0-0: Called Strike
0-1: Called Strike
0-2: Ground out 4-3 (Groundball, 4S, EV 86 MPH)
Batting: LHB Mal Bickerton 0-0: Swinging Strike
0-1: Called Strike
0-2: Ground out 6-3 (Groundball, 4MS, EV 59 MPH)
Bottom of the 5th over - 0 runs, 0 hits, 0 errors, 0 left on base; Philadelphia 2 - Atlanta 0
TOP OF THE 6TH
Philadelphia Phillies batting - Pitching for Atlanta Hammers : RHP Dave Green
Batting: RHB Maikel Franco 0-0: Called Strike
0-1: Ball
1-1: Foul Ball, location: 2F
1-2: Ball
2-2: Strikes out swinging
Batting: LHB Ivan Hakanson 0-0: Ball
1-0: Ball
2-0: Called Strike
2-1: Called Strike
2-2: Foul Ball, location: 3F
2-2: Foul Ball, location: 9LSF
2-2: Foul Ball, location: 2F
2-2: Ball
3-2: Fly out, F8 (Flyball, 8RM, EV 86 MPH)
Batting: RHB Ryan McBroom 0-0: Ball
1-0: Ball
2-0: Called Strike
2-1: Foul Ball, location: 3FF
2-2: Ball
3-2: Base on Balls
Batting: RHB Brandon Diaz 0-0: Foul Ball, location: 2F
0-1: Foul Ball, location: 2F
0-2: Foul Ball, location: 23F
0-2: Fielders Choice at 2nd, 5-4 (Groundball, 56, EV 83 MPH)
Top of the 6th over - 0 runs, 0 hits, 0 errors, 1 left on base; Philadelphia 2 - Atlanta 0
BOTTOM OF THE 6TH
Atlanta Hammers batting - Pitching for Philadelphia Phillies : LHP Tim Cooney
Batting: LHB Tyrone Hanna 0-0: Called Strike
0-1: Ball
1-1: Foul Ball, location: 9LMF
1-2: Strikes out looking
Batting: RHB Wes Ramey 0-0: Ground out 5-3 (Groundball, 56S, EV 99 MPH)
Batting: RHB Clarence Shelton 0-0: Called Strike
0-1: Fly out, F2 (Popup, 13, EV 51 MPH)
Bottom of the 6th over - 0 runs, 0 hits, 0 errors, 0 left on base; Philadelphia 2 - Atlanta 0
TOP OF THE 7TH
Philadelphia Phillies batting - Pitching for Atlanta Hammers : RHP Dave Green
Batting: LHB J.P. Crawford 0-0: Ball
1-0: Ball
2-0: Foul Ball, location: 2F
2-1: Ball
3-1: Base on Balls
Batting: RHB Wes Bowers 0-0: Called Strike
0-1: Ball
1-1: Called Strike
1-2: Ball
2-2: Ball
3-2: Foul Ball, location: 7LMF
3-2: Hit by Pitch
J.P. Crawford to second
Pitching: RHP Carlos A. Lopez
Batting: SHB Jose Colina 0-0: Foul Ball, location: 2F
0-1: Ball
1-1: Called Strike
1-2: Ball
2-2: Ball
3-2: Base on Balls
J.P. Crawford to third
Wes Bowers to second
Batting: RHB Michael Garnier 0-0: Fly out, F7 (Flyball, 78D, EV 93 MPH)
Runner from 3rd tags up, SCORES, no throw by LF
Batting: LHB Ernesto Almirón 0-0: Called Strike
0-1: Ball
1-1: Swinging Strike
1-2: Ball
2-2: Strikes out looking
Batting: RHB Maikel Franco 0-0: Fly out, F9 (Flyball, 9LD, EV 104 MPH)
Top of the 7th over - 1 run, 0 hits, 0 errors, 2 left on base; Philadelphia 3 - Atlanta 0
BOTTOM OF THE 7TH
Atlanta Hammers batting - Pitching for Philadelphia Phillies : LHP Tim Cooney
Batting: LHB Luis Herta 0-0: Foul Ball, location: 2F
0-1: Swinging Strike
0-2: SINGLE (Line Drive, 9LS, EV 89 MPH)
Batting: RHB Jim Bowers 0-0: Ball
1-0: Ball
2-0: Foul Ball, location: 9LDF
2-1: Ball
3-1: Base on Balls
Luis Herta to second
Batting: LHB Artie Bailey 0-0: Called Strike
0-1: Fly out, F9 (Line Drive, 9, EV 100 MPH)
Batting: RHB Rocky Edwards 0-0: Grounds into double play, 5-4-3 (Groundball, 6S, EV 107 MPH)
Bottom of the 7th over - 0 runs, 1 hit, 0 errors, 1 left on base; Philadelphia 3 - Atlanta 0
TOP OF THE 8TH
Philadelphia Phillies batting - Pitching for Atlanta Hammers : RHP Carlos A. Lopez
Batting: LHB Ivan Hakanson 0-0: Ball
1-0: Ball
2-0: Ball
3-0: Called Strike
3-1: Ground out 4-3 (Groundball, 34, EV 61 MPH)
Batting: RHB Ryan McBroom 0-0: Ball
1-0: Called Strike
1-1: Swinging Strike
1-2: Ball
2-2: Ground out 6-3 (Groundball, 6MS, EV 92 MPH)
Batting: RHB Brandon Diaz 0-0: Called Strike
0-1: SINGLE (Groundball, 6MS, EV 57 MPH) (infield hit)
Batting: LHB J.P. Crawford 0-0: Fly out, F8 (Line Drive, 8RD, EV 84 MPH)
Top of the 8th over - 0 runs, 1 hit, 0 errors, 1 left on base; Philadelphia 3 - Atlanta 0
BOTTOM OF THE 8TH
Atlanta Hammers batting - Pitching for Philadelphia Phillies : LHP Tim Cooney
Batting: RHB Trea Turner 0-0: Ball
1-0: Called Strike
1-1: Ball
2-1: Ball
3-1: Called Strike
3-2: Foul Ball, location: 3F
3-2: Strikes out swinging
Pinch Hitting: RHB Greg Reyes 0-0: Ball
1-0: Foul Ball, location: 5DF
1-1: Ball
2-1: Ball
3-1: Foul Ball, location: 9LMF
3-2: Foul Ball, location: 23F
3-2: Strikes out swinging
Batting: LHB Tyrone Hanna 0-0: Ball
1-0: Swinging Strike
1-1: Ball
2-1: Swinging Strike
2-2: Ball
3-2: Fly out, F7 (Line Drive, 7D, EV 94 MPH)
Bottom of the 8th over - 0 runs, 0 hits, 0 errors, 0 left on base; Philadelphia 3 - Atlanta 0
TOP OF THE 9TH
Philadelphia Phillies batting - Pitching for Atlanta Hammers : RHP Carlos A. Lopez
Pitching: LHP Bobby Moore
Now at 1B: Greg Reyes
Now in RF: Artie Bailey
Batting: RHB Wes Bowers 0-0: SOLO HOME RUN (Flyball, 78XD, EV 103 MPH), Distance : 394 ft
Batting: SHB Jose Colina 0-0: Ball
1-0: Called Strike
1-1: Called Strike
1-2: Ball
2-2: Foul Ball, location: 5F
2-2: Ball
3-2: SINGLE (Groundball, 5S, EV 64 MPH) (infield hit)
Batting: RHB Michael Garnier 0-0: Ball
1-0: Ball
2-0: Foul Ball, location: 3F
2-1: Called Strike
2-2: Ball
3-2: Foul Ball, location: 7LSFF
3-2: 2-RUN HOME RUN (Flyball, 9D, EV 107 MPH), Distance : 403 ft
Pitching: RHP Chip Hayes
Batting: LHB Ernesto Almirón 0-0: Ball
1-0: Ball
2-0: Ball
3-0: Called Strike
3-1: Foul Ball, location: 3F
3-2: Strikes out looking
Batting: RHB Maikel Franco 0-0: Called Strike
0-1: Ball
1-1: Ball
2-1: Foul Ball, location: 2F
2-2: Foul Ball, location: 7LMF
2-2: Strikes out swinging
Batting: LHB Ivan Hakanson 0-0: Swinging Strike
0-1: Foul Ball, location: 9LSF
0-2: Ball
1-2: Ball
2-2: Ball
3-2: Base on Balls
Batting: RHB Ryan McBroom 0-0: Called Strike
0-1: Foul Ball, location: 25F
0-2: Strikes out swinging
Top of the 9th over - 3 runs, 3 hits, 0 errors, 1 left on base; Philadelphia 6 - Atlanta 0
BOTTOM OF THE 9TH
Atlanta Hammers batting - Pitching for Philadelphia Phillies : LHP Tim Cooney
Batting: RHB Wes Ramey 0-0: Ball
1-0: Ball
2-0: Ground out 4-3 (Groundball, 4S, EV 57 MPH)
Batting: RHB Clarence Shelton 0-0: Ball
1-0: Foul Ball, location: 25F
1-1: Ball
2-1: Ball
3-1: Swinging Strike
3-2: Foul Ball, location: 3DF
3-2: Fly out, F2 (Popup, 3SF, EV 53 MPH)
Batting: LHB Luis Herta 0-0: Called Strike
0-1: Fly out, F5 (Popup, 25F, EV 53 MPH)
Bottom of the 9th over - 0 runs, 0 hits, 0 errors, 0 left on base; Philadelphia 6 - Atlanta 0
Saturday, September 19th , 2026 - OOTP Baseball 27.4 Build 76